Map: Odyssey LE

Players

SamuraiFunn - Winner!

  • Race: Protoss Protoss
  • Spawn Location: 5:00

A.I. 1 (Elite)

  • Race: Protoss Protoss
  • Spawn Location: 11:00

VOD

Have the link to the VOD?

Description

Time

  • Played on: Nov. 24, 2017, 7:03 p.m.
  • Length: 31:04
Show
View Real Time Build Order
Export as new Build Order

SamuraiFunn Protoss - Winner!

Build Orders:  

Get SALT Encoding   

  12  0:01  Probe  
  13  0:13  Probe  
  14  0:23  Pylon  
  14  0:25  Probe  
  15  0:37  Assimilator  
  15  0:41  Probe  
  16  0:49  Gateway  
  16  0:53  Probe (Chrono Boost)  
  18  1:06  Probe (Chrono Boost)  
  18  1:08  Probe (Chrono Boost)  
  20  1:18  Assimilator  
  20  1:20  Probe (Chrono Boost)  
  20  1:24  Probe (Chrono Boost)  
  21  1:37  Cybernetics Core  
  21  1:44  Pylon  
  21  1:45  Probe  
  22  1:57  Probe  
  23  2:02  Zealot  
  25  2:14  Nexus  
  25  2:17  Warp Gate (Chrono Boost)  
  25  2:36  Probe  
  26  2:48  Probe  
  26  2:49  Gateway  
  29  3:12  Sentry  
  29  3:26  Pylon  
  29  3:27  Probe x2  
  29  3:33  Assimilator  
  31  3:37  Assimilator  
  31  3:44  Sentry  
  31  3:47  Pylon  
  31  4:07  Gateway  
  31  4:08  Probe, Gateway  
  31  4:09  Probe  
  33  4:24  Pylon  
  33  4:31  Twilight Council  
  33  4:37  Stalker x2  
  37  4:41  Probe  
  37  4:42  Probe  
  39  4:54  Probe x2  
  41  5:03  Stalker x4  
  41  5:06  Probe x2  
  51  5:15  Blink (Chrono Boost)  
  51  5:19  Templar Archives  
  51  5:36  Probe x2  
  51  5:41  Nexus, Stalker x3  
  59  5:43  Pylon  
  59  5:44  Pylon  
  59  5:48  Probe x2  
  61  5:52  Stalker  
  63  6:00  Probe x2  
  65  6:07  Forge  
  65  6:09  Forge  
  65  6:12  Probe  
  65  6:13  Probe  
  67  6:24  Probe  
  67  6:25  Probe, Stalker x3  
  75  6:45  Pylon  
  75  6:50  Pylon, Stalker x2  
  75  6:51  Stalker  
  81  6:58  Probe x2  
  83  7:06  Probe  
  84  7:13  Protoss Ground Weapons Level 1 (Chrono Boost)  
  84  7:14  Protoss Ground Armor Level 1 (Chrono Boost)  
  84  7:21  Stalker x4  
  92  7:23  Probe x3  
  92  7:28  Assimilator  
  95  7:31  Assimilator  
  95  7:46  Stalker x4  
  103  8:03  Gateway  
  103  8:04  Gateway  
  103  8:05  Probe x3  
  106  8:06  Gateway  
  84  8:33  Stalker x4  
  70  8:42  Probe  
  70  8:43  Probe x2  
  69  9:16  Stalker x4  
  77  9:27  Gateway  
  77  9:28  Gateway  
  77  9:29  Probe x3  
  77  9:30  Gateway  
  80  9:32  Psionic Storm  
  80  9:37  Stalker  
  82  9:38  Sentry x2  
  86  9:47  Protoss Ground Weapons Level 2, Protoss Shields Level 1  
  86  10:00  Stalker x5  
  86  10:04  Pylon  
  96  10:08  High Templar x2  
  100  10:23  High Templar  
  100  10:24  High Templar  
  100  10:25  Stalker x2  
  100  10:26  Stalker  
  100  10:28  Zealot x2  
  112  10:30  Zealot  
  116  10:52  Stalker  
  116  10:53  Stalker x3  
  124  11:05  Pylon x2  
  124  11:07  Pylon  
  124  11:09  Pylon  
  123  11:35  Nexus  
  123  11:38  Assimilator  
  117  11:42  Assimilator  
  117  11:44  Pylon  
  103  11:47  Pylon  
  103  11:49  Pylon  
  97  11:55  Stalker  
  97  11:56  Stalker x2  
  97  11:58  Stalker x4  
  97  11:59  Stalker x3  
  93  12:46  Archon  
  89  12:51  Stalker  
  89  12:52  Stalker x7  
  89  12:53  Stalker x2  
  99  13:29  Stalker x2  
  99  13:30  Stalker x3  
  99  13:31  Stalker x3  
  99  13:32  Stalker x2  
  109  14:20  Stalker x5  
  109  14:21  Stalker x4  
  125  14:41  Protoss Ground Weapons Level 3, Protoss Ground Armor Level 2  
  125  14:51  Stalker  
  125  14:52  Stalker x7  
  139  14:53  Stalker x2  
  145  15:20  Stalker x4  
  145  15:21  Stalker x4  
  157  15:22  Stalker  
  163  16:02  Stalker x3  
  163  16:03  Stalker x5  
  163  16:04  Stalker x2  
  183  16:34  Stalker x2  
  187  16:42  Pylon  
  187  16:44  Pylon  
  187  16:46  Pylon  
  187  16:57  Protoss Shields Level 2  
Show
View Real Time Build Order
Export as new Build Order

A.I. 1 (Elite) Protoss 

Build Orders: Zealot Archon 

Get SALT Encoding   

  12  0:00  Probe  
  13  0:13  Probe  
  14  0:19  Pylon  
  14  0:25  Probe  
  15  0:37  Probe  
  15  0:40  Gateway  
  16  0:47  Assimilator  
  16  0:49  Probe  
  17  1:01  Probe  
  17  1:02  Pylon  
  18  1:13  Probe  
  19  1:25  Probe  
  19  1:26  Zealot  
  19  1:29  Cybernetics Core  
  22  1:37  Probe  
  23  1:41  Gateway  
  23  1:50  Probe  
  23  1:51  Pylon  
  24  2:00  Zealot  
  26  2:02  Probe  
  26  2:07  Warp Gate  
  27  2:14  Probe  
  28  2:26  Probe  
  28  2:27  Adept  
  28  2:28  Adept  
  33  2:32  Gateway  
  33  2:42  Gateway  
  33  2:54  Adept  
  33  2:55  Adept  
  37  3:00  Probe  
  37  3:02  Pylon  
  38  3:20  Adept  
  38  3:21  Adept  
  38  3:22  Adept  
  44  3:28  Adept  
  44  3:30  Pylon  
  46  3:38  Twilight Council  
  46  4:04  Pylon  
  46  4:30  Assimilator  
  46  4:37  Zealot  
  48  4:42  Templar Archives  
  48  4:45  Nexus  
  48  5:20  High Templar  
  50  5:26  Forge  
  50  5:36  Forge  
  50  5:44  High Templar  
  50  5:49  Archon  
  52  5:57  Probe  
  52  5:58  Probe  
  54  6:05  Assimilator  
  54  6:07  Assimilator  
  54  6:09  Probe  
  54  6:10  Probe  
  56  6:12  High Templar  
  58  6:22  Probe  
  58  6:23  Probe  
  60  6:34  Probe  
  60  6:35  Probe  
  60  6:38  High Templar  
  64  6:42  Stalker  
  64  6:44  Pylon  
  64  6:46  Probe  
  67  6:47  Probe, Stalker  
  67  6:52  Stalker  
  72  6:58  Probe, Archon  
  72  6:59  Probe, Nexus  
  74  7:05  Stalker  
  74  7:06  Pylon  
  76  7:10  Probe, High Templar  
  76  7:11  Probe  
  80  7:22  Probe  
  81  7:23  Probe  
  81  7:24  High Templar  
  81  7:28  Pylon  
  84  7:33  Sentry  
  84  7:34  Probe  
  84  7:35  Probe  
  88  7:39  Archon  
  88  7:46  Probe  
  88  7:47  High Templar, Probe  
  92  7:52  Pylon  
  92  7:58  Probe  
  92  8:00  Probe  
  92  8:02  High Templar  
  96  8:11  Probe x2  
  96  8:12  Probe  
  99  8:14  Robotics Facility  
  99  8:18  Archon  
  95  8:22  Zealot x2  
  95  8:23  Probe  
  95  8:24  Probe x2  
  95  8:25  High Templar  
  94  8:28  Assimilator  
  94  8:31  Assimilator  
  86  8:34  Zealot  
  86  8:35  Probe  
  86  8:36  Probe x2  
  83  8:42  High Templar  
  83  8:47  Probe  
  83  8:48  Probe, Adept  
  80  8:49  Probe  
  80  8:55  Stalker  
  82  8:57  Stalker  
  82  8:58  Archon  
  82  8:59  Probe  
  82  9:00  Probe  
  82  9:01  Probe  
  85  9:03  Observer  
  85  9:08  High Templar  
  86  9:11  Probe  
  86  9:13  Probe x2  
  86  9:15  High Templar  
  91  9:18  Stalker  
  91  9:22  Stalker  
  91  9:23  Probe  
  96  9:25  Probe x2  
  96  9:31  Archon  
  98  9:35  Probe  
  98  9:36  Photon Cannon  
  98  9:37  Pylon  
  99  9:39  Pylon  
  99  9:41  High Templar  
  99  9:42  Sentry  
  99  9:44  Adept  
  105  9:48  High Templar  
  107  9:58  Photon Cannon  
  107  10:00  Photon Cannon  
  107  10:01  Photon Cannon  
  107  10:04  Sentry  
  107  10:05  Pylon, Stalker  
  111  10:10  Warp Prism  
  111  10:11  Psionic Storm  
  111  10:12  Archon  
  111  10:13  Stalker  
  115  10:21  Zealot  
  115  10:27  Photon Cannon, High Templar  
  119  10:29  Photon Cannon  
  119  10:32  High Templar  
  119  10:35  Nexus  
  121  10:36  Stalker  
  121  10:41  Stalker  
  125  10:44  Protoss Ground Weapons Level 1, Archon  
  125  10:46  Warp Prism  
  125  10:49  Gateway  
  127  10:50  Protoss Ground Armor Level 1  
  127  10:59  Stalker  
  127  11:02  Photon Cannon, Stalker  
  131  11:04  Pylon  
  131  11:06  Stalker  
  131  11:08  Stalker  
  135  11:22  Immortal, Adept  
  141  11:26  Sentry  
  141  11:28  Pylon  
  141  11:29  Zealot  
  141  11:32  Photon Cannon, Stalker  
  147  11:34  Photon Cannon  
  129  11:42  Stalker  
  129  11:43  High Templar  
  115  11:48  Stalker  
  115  11:49  Stalker  
  115  11:50  Gateway  
  115  11:53  Assimilator  
  105  11:55  Zealot  
  105  11:57  Pylon  
  105  11:59  Assimilator  
  101  12:01  Immortal  
  101  12:05  Adept  
  103  12:11  Zealot  
  103  12:12  Stalker  
  103  12:15  High Templar, Sentry  
  109  12:19  Photon Cannon  
  101  12:25  Zealot  
  101  12:26  Pylon  
  89  12:31  Stalker  
  89  12:35  Stalker  
  83  12:38  High Templar  
  83  12:44  Stalker  
  85  12:46  Stalker  
  85  12:47  Stalker  
  87  12:54  Adept  
  87  12:57  Stalker  
  77  13:07  Stalker  
  77  13:08  High Templar  
  77  13:10  Zealot, Stalker  
  77  13:11  Probe  
  83  13:14  Adept  
  83  13:15  Immortal  
  89  13:20  High Templar  
  89  13:24  Photon Cannon  
  89  13:25  Probe  
  90  13:27  Photon Cannon  
  90  13:28  Probe x2  
  90  13:30  Sentry, Stalker  
  90  13:33  Adept  
  86  13:34  Pylon, Stalker  
  86  13:37  Probe  
  86  13:41  Stalker  
  69  13:50  Probe  
  69  13:52  Stalker  
  69  13:53  High Templar, Zealot  
  69  13:54  High Templar, Immortal  
  81  13:57  Adept  
  79  14:03  Nexus  
  79  14:04  Zealot  
  79  14:06  Assimilator  
  63  14:13  Sentry  
  63  14:15  Zealot  
  61  14:23  Pylon  
  61  14:24  High Templar  
  60  14:26  High Templar  
  60  14:30  Probe  
  60  14:32  Probe  
  60  14:35  Zealot  
  60  14:37  Zealot  
  63  14:42  Probe  
  63  14:44  Probe  
  61  14:46  Probe  
  57  14:54  Probe  
  57  14:58  Probe, Zealot  
  61  15:06  Probe  
  48  15:45  Probe  
  48  15:51  Probe  
  48  15:53  Nexus  
  48  15:57  Probe  
  48  15:59  Pylon  
  48  16:03  Probe  
  49  16:09  Nexus  
  48  16:14  Assimilator  
  37  16:26  Pylon  
  37  16:31  Pylon  
  22  16:50  Probe  
  18  17:02  Probe  
  17  17:14  Probe  
Tags
 
Composition
Zealot Archon
Matchup
PvP
Replay Pack
First 100 games
Spawn Locations
Cross Positions
Add a new tag
Caveats
  • Supply blocks, unpowered buildings, or Contaminate may cause inaccurate times.
  • Supply counts are checked every 10 seconds.